Cogmind - Beta 11.1 @@@ ROGUE MODE // 2022.05.21 @ 11:09:47 Player: Decinym Result: Destroyed by G-47 Trooper with Particle Gun Performance ------------- Evolutions (0) 0 Regions Visited (1) 200 Robots Destroyed (11) 55 Value Destroyed (232) 232 Prototype IDs (0) 0 Alien Tech Used (0) 0 Bonus (0) 0 TOTAL SCORE: 487 Bonus ------- None Cogmind --------- Core Integrity 0/250 Matter 275/300 Energy 100/100 System Corruption 0% Temperature Cool (9) Movement Treading (240) Ox1 Location -10/Materials Parts ------- > --- POWER (1) -------- (None) > --- PROPULSION (2) --- Light Treads Aluminum Leg > --- UTILITY (2) ------ Large Storage Unit Power Shielding > --- WEAPON (2) ------- (None) > --- INVENTORY (15) --- Light Treads Wheel Wheel Wheel Compact Wheel Compact Wheel Compact Wheel Improved Heat Sink Small Storage Unit Structural Scanner Seismic Detector Light Armor Plating Peak State ------------ > --- POWER ------------ Ion Engine > --- PROPULSION ------- Aluminum Leg Aluminum Leg > --- UTILITY ---------- Large Storage Unit Structural Scanner > --- WEAPON ----------- EM Pulse Gun Small Laser > --- INVENTORY -------- Light Ion Engine Light Treads Light Treads Small Storage Unit Structural Scanner Seismic Detector Power Shielding Light Armor Plating Assault Rifle Light Assault Rifle [Rating: 8] Favorites ----------- Power Ion Engine Engine Ion Engine Propulsion Aluminum Leg Treads Light Treads Leg Aluminum Leg Utility Structural Scanner Device Structural Scanner Storage Large Storage Unit Protection Power Shielding Weapon Small Laser Energy Gun Small Laser Ballistic Gun Light Assault Rifle Build | -11 -10 ------- Run | Scr Mat Slots Evolved . | . . Power . | . . Propulsion . | . . Utility . | . . Weapon . | . . Parts Attached 11 | . 11 Power 1 | . 1 Engine 1 | . 1 Core . | . . Reactor . | . . Propulsion 4 | . 4 Treads 1 | . 1 Leg 3 | . 3 Wheel . | . . Hover . | . . Flight . | . . Utility 4 | . 4 Device 2 | . 2 Storage 1 | . 1 Processor . | . . Hackware . | . . Protection 1 | . 1 Artifact . | . . Weapon 2 | . 2 Energy Gun . | . . Energy Cannon . | . . Ballistic Gun 2 | . 2 Ballistic Cannon . | . . Launcher . | . . Special Weapon . | . . Impact Weapon . | . . Slashing Weapon . | . . Piercing Weapon . | . . Special Melee Weapon . | . . Unidentified Prototypes . | . . Parts Lost 9 | . 9 Power 2 | . 2 Propulsion 2 | . 2 Utility 1 | . 1 Weapon 4 | . 4 Highest Loss Streak 6 | . 6 To Critical Strikes . | . . Average Slot Usage (%) 94 | . 94 Engine 11 | . 11 Leg 26 | . 26 Device 12 | . 12 Storage 14 | . 14 Protection 1 | . 1 Energy Gun 19 | . 19 Ballistic Gun 7 | . 7 Naked Turns . | . . Heaviest Build 29 | 13 29 Greatest Support 20 | 20 20 Greatest Overweight (x) 2 | . 2 Average Overweight (x) . | . . Largest Inventory Capacity 15 | . 15 Average Capacity 12 | . 12 Most Carried 15 | . 15 Average Carried 9 | . 9 Final Capacity 15 | 8 15 Final Carried 12 | 6 12 Class Distribution -------------------- 100% | Mutant Dominant Class ---------------- Mutant | -10/Materials Resources | -11 -10 ----------- Run | Scr Mat Matter Collected 337 | 200 137 Remotely . | . . Salvage Created 396 | . 396 Parts 18 | . 18 Haulers Intercepted . | . . Recyclers Shooed . | . . Parts Field Recycled . | . . Retrieved Matter . | . . Parts Self-Destructed . | . . Prevented . | . . Kills | -11 -10 ------- Run | Scr Mat Combat Hostiles Destroyed 8 | . 8 Guns 8 | . 8 Classes Destroyed 4 | . 4 Worker 2 | . 2 Recycler 1 | . 1 Swarmer 2 | . 2 Grunt 6 | . 6 Best Kill Streak 3 | . 3 Combat Bots Only 2 | . 2 Max Kills in Single Turn 1 | . 1 Gunslinging . | . . Exploded . | . . Melee . | . . Uniques/NPCs Destroyed . | . . Combat | -11 -10 -------- Run | Scr Mat Damage Taken 1146 | . 1146 Core 256 | . 256 Absorbed by Shields . | . . Redirected to Shielding 4 | . 4 Core Remaining (%) 100 | 100 . Volleys Fired 74 | . 74 Largest 2 | . 2 Hottest 80 | . 80 Shots Fired 136 | . 136 Gun 136 | . 136 Cannon . | . . Launcher . | . . Special . | . . Kinetic 79 | . 79 Thermal 50 | . 50 Explosive . | . . Electromagnetic 7 | . 7 Robot Hit Streak 8 | . 8 Robot Miss Streak 4 | . 4 Penetration Max . | . . Secondary Targets . | . . Shots Hit Robots 88 | . 88 Core Hits 25 | . 25 Critical Kills . | . . Critical Parts Destroyed . | . . Critical Strikes . | . . Melee Attacks . | . . Impact . | . . Slashing . | . . Piercing . | . . Sneak Attacks . | . . Combat Hostiles . | . . Follow-up Attacks . | . . Damage Inflicted 889 | . 889 Guns 887 | . 887 Cannons . | . . Explosions . | . . Melee . | . . Ramming 2 | . 2 Kinetic 440 | . 440 Thermal 363 | . 363 Explosive . | . . Electromagnetic 84 | . 84 Impact . | . . Slashing . | . . Piercing . | . . Highest Corruption . | . . Average Corruption . | . . Corruption Purged . | . . Corruption Blocked . | . . Overload Shots . | . . Overflow Damage . | . . Projectiles . | . . Explosions . | . . Melee . | . . Knockbacks . | . . Impact . | . . Kinetic . | . . Secondary . | . . Self-Inflicted Damage . | . . Shots . | . . Rammed 2 | . 2 Targets Rammed 2 | . 2 Kicked . | . . Crushed . | . . Highest Temperature 168 | . 168 Average Temperature 54 | . 54 Received Heat Transfer 576 | . 576 Siege Activations . | . . Robots Corrupted . | . . Combat Hostiles . | . . Parts Fried . | . . Impact Corruptions . | . . Robots Melted . | . . Combat Hostiles . | . . Parts Melted . | . . Heat Transferred 825 | . 825 Parts Sabotaged . | . . Parts Stolen . | . . Parts Stripped . | . . Power Chain Reactions . | . . Missiles Intercepted . | . . Alert | -11 -10 ------- Run | Scr Mat Peak Influence 170 | . 170 Initial . | . . Average 58 | . 58 Maximum Alert Level . | . . Low Security (%) 100 | . 100 Level 1 . | . . Level 2 . | . . Level 3 . | . . Level 4 . | . . Level 5 . | . . High Security . | . . Max Security . | . . Squads Dispatched 2 | . 2 Investigation 1 | . 1 Extermination . | . . Reinforcement 1 | . 1 Assault . | . . Garrison . | . . Intercept . | . . Searches Triggered . | . . Construction Impeded . | . . Haulers Reinforced . | . . Active Scanning Responses . | . . Cargo Convoy Interrupts . | . . Stealth | -11 -10 --------- Run | Scr Mat Distress Signals 1 | . 1 Communications Jammed . | . . Distress Signals . | . . Times Spotted 19 | . 19 Peak Tracking Total 5 | . 5 Tactical Retreats 4 | . 4 Traps | -11 -10 ------- Run | Scr Mat Traps Triggered 1 | . 1 Indirectly . | . . Trap Hack Attempts . | . . Triggered . | . . Disarmed . | . . Reprogrammed . | . . Reused . | . . Traps Extracted . | . . Installed . | . . Triggered 2 | . 2 Machines | -11 -10 ---------- Run | Scr Mat Machines Disabled . | . . Max in Single Turn . | . . Machines Sabotaged . | . . Garrisons Compromised . | . . Overloaded Fab Kills . | . . Hacking | -11 -10 --------- Run | Scr Mat Machines Accessed 4 | . 4 Terminals 4 | . 4 Fabricators . | . . Repair Stations . | . . Recycling Units . | . . Scanalyzers . | . . Garrison Access . | . . Total Hacks 10 | . 10 Successful 1 | . 1 Failed 9 | . 9 Catastrophic 5 | . 5 Database Lockouts . | . . Manual 10 | . 10 Terminals 10 | . 10 Fabricators . | . . Repair Stations . | . . Recycling Units . | . . Scanalyzers . | . . Garrison Access . | . . Terminal Hacks 1 | . 1 Part Schematic 1 | . 1 Fabricator Hacks . | . . Repair Station Hacks . | . . Recycling Unit Hacks . | . . Scanalyzer . | . . Garrison Access Hacks . | . . Unauthorized Hacks . | . . Terminals . | . . Fabricators . | . . Repair Stations . | . . Recycling Units . | . . Scanalyzers . | . . Garrison Access . | . . Data Cores Recovered . | . . Used . | . . Hacking Detections 4 | . 4 Full Trace Events 1 | . 1 Feedback Events . | . . Feedback Blocked . | . . Robot Schematics Acquired . | . . Robots Built . | . . Authchips . | . . Time . | . . Total Robot Build Rating . | . . Part Schematics Acquired 1 | . 1 Parts Built . | . . Authchips . | . . Time . | . . Total Part Build Rating . | . . Parts Repaired . | . . Time . | . . Parts Recycled . | . . Recycled Matter . | . . Retrieved Matter . | . . Retrieved Components . | . . Parts Scanalyzed . | . . Part Schematics Acquired . | . . Parts Damaged . | . . Bothacking | -11 -10 ------------ Run | Scr Mat Used RIF Installer . | . . Robots Hacked . | . . Non-combat . | . . Combat . | . . Robot Hacks Applied . | . . Relay Couplers Released . | . . Fabnet Peak Effective % . | . . Robots Rewired . | . . Allies Hacked . | . . Hacks Repelled . | . . Allies | -11 -10 -------- Run | Scr Mat Total Allies . | . . Largest Group . | . . Highest-Rated Group . | . . Highest-Rated Ally . | . . Total Orders . | . . Ally Attacks . | . . Total Damage . | . . Kills . | . . Allies Corrupted . | . . Allies Melted . | . . Intel | -11 -10 ------- Run | Scr Mat Robot Analysis Total . | . . Derelict Logs Recovered . | . . Drone Launches . | . . Drone Recoveries . | . . Exploration | -11 -10 ------------- Run | Scr Mat Turns Passed 654 | . 654 Spaces Moved 273 | 1 272 Core . | . . Treads 2 | . 2 Legs 271 | 1 270 Wheels . | . . Hover . | . . Flight . | . . Fastest Speed 120 | 120 120 Average Speed 151 | 120 151 Slowest Speed 260 | 120 260 Overloaded Moves . | . . Propulsion Burnouts . | . . Robots Hopped . | . . Cave-ins Triggered . | . . Exploration Rate (%) 25 | 2 49 Regions Visited 1 Branch Regions . Pre-discovered Areas . | . . Known Exits Taken . | . . Unknown Exits Taken 1 | 1 . Scrap Searched . | . . Spaces Dug . | . . Terrain Destroyed . | . . Melee . | . . Projectile . | . . AOE . | . . Terrain Rammed . | . . Walls Destroyed . | . . Machines Disabled . | . . Actions | -11 -10 --------- Run | Scr Mat Total 388 | . 388 Wait 14 | . 14 Move 272 | . 272 Hop . | . . Pick Up 11 | . 11 Fast Attach 2 | . 2 Attach 5 | . 5 Detach . | . . Swap 4 | . 4 Drop 4 | . 4 Fire 74 | . 74 Melee . | . . Ram . | . . Kick . | . . Crush 2 | . 2 Escape Stasis . | . . Rewire . | . . Trap . | . . Miscellaneous . | . . Route ------- -11/Scrapyard -10/Materials (discovered 2 exits: [*Mat x2]) History --------- Turn | Location | Event 1 | -11/Scrapyard | Discovered new exit (range 0) 1 | -11/Scrapyard | Entered Materials 268 | -10/Materials | Discovered new exit (range 7) 316 | -10/Materials | Build established: Mutant 512 | -10/Materials | Discovered new exit (range 11) 618 | -10/Materials | Core integrity fell below 50% 640 | -10/Materials | Core integrity fell below 20% 655 | -10/Materials | Destroyed by G-47 Trooper with Particle Gun Last Messages --------------- 00602_ Structural Scanner destroyed. 00603_ K-01 Serf collects debris. 00610_ Aluminum Leg destroyed. 00610_ Critical hit (Burn: +37). 00611_ K-01 Serf collects debris. 00612_ Lgt. Ion Engine destroyed. 00615_ K-01 Serf collects debris. 00621_ R-06 Scavenger collects Heat Sink. 00623_ K-01 Serf collects debris. 00624_ Assault Rifle destroyed. 00625_ G-34 Mercenary destroyed. 00625_ R-06 Scavenger collects Sml. Laser. 00627_ Acquired 34 matter. 00629_ R-06 Scavenger collects Ion Engine. 00631_ R-06 Scavenger collects Aluminum Leg. 00636_ R-06 Scavenger collects Ion Engine. 00637_ K-01 Serf collects debris. 00639_ K-01 Serf cleans the Atomic Centrifuge. 00649_ Lgt. Assault Rifle destroyed. 00650_ Slammed into G-47 Trooper. Map ----- +----------------------------------------------------+ | ????????? + """ "" ## ???" # ##?????????? | | ????????? # """ T" ## ??"" # ##?????????? | | ????????? # """ "" ## """ # ##?????????? | | ????????? # ## # ##?????????? | | ?????????## ## """ # ##?????????? | | ?????????## ############## """ # ##?????????? | | ?????????## ############## """ # ##?????????? | | ?????????## ##?????####### # ########???? | | ?????????## ##?????############+## ########???? | | ?????????## ##?????## ##???? | | ?????????? ????????## < ##???? | | ???????????? ????????## ###??? | | ?????????????????????## #### #######+######??? | | ?????????????????????## #### #### ##??? | | ?????????????????????## ??## #### %""" ##??? | | ???????????????????????? #### #### %""" ##??? | | ???????????????????????? g#### %+ """ ##??? | | ???????????????????????? #### #### ##??? | | ??????????????????????? #### #### ##??? | | ???????????????????????## #####+##### "T" ##??? | | ??????????? # ?????????## # ## * """ ##??? | | ?????????? # ? ######### # % ## ##??? | | ?????????? + ######### # """ ############??? | | ??????????? # % % # """ ############??? | | ??????????? # ga# """ ##????????????? | | ??????????? # g@# ########??????? | | ??????????? # ? ######### #####+########## ??????? | | ??????????????? ######### %%% !???? | | ???????????????????????## % ???? | | ???????????????????????## """ ???? | | ???????????????????????## ####### """????????? | | ???????????????????????## # # """????????? | | ???????????????????????## # ?????? ????????? | | ???????????????????????## # ??????? ???????? | | ???????????????????????## # ????????""" ??????? | | ???????????????????????## # ?????????"" ?????? | | ???????????????????????## # ???????????????????? | | ???????????????????????## # ???????????????????? | | ???????????????????????## # ???????????????????? | | ???????????????????????## < # ???????????????????? | | ???????????????????????## # ???????????????????? | | ???????????????????????###### ???????????????????? | | ???????????????????????###### ???????????????????? | | ?????????????????????????????????????????????????? | | ?????????????????????????????????????????????????? | | ?????????????????????????????????????????????????? | | ?????????????????????????????????????????????????? | | ?????????????????????????????????????????????????? | | ?????????????????????????????????????????????????? | | ?????????????????????????????????????????????????? | +----------------------------------------------------+ Best States ------------- Heat Dissipation 25 Energy Generation 10 Energy Capacity 250 Matter Stores 300 Matter Capacity 300 Sight Range 16 Terrain Scan Density 10 Power Shielding 33 Evasion (%) 55 Recoil Reduction 1 Item Schematics ----------------- Huge Storage Unit | -10/Materials | Hacked Robot Schematics ------------------ None Fabricated ------------ Nothing Alien Tech Used ----------------- None Achievements -------------- None Challenges ------------ None Game ------ Seed HardenedOpticalCapacitor Manual? 0 Play Time 00:07:55 Cumulative 350.7 hours Start 2022.05.21 @ 11:05:45 End 2022.05.21 @ 11:09:47 Sessions 1 Manual Loads 0 Difficulty Rogue Special Mode None Game No. 381 Rogue 381 Adventurer 0 Explorer 0 Win Type - Total 28 Types 17/3/2/1/2/0/3/0/0 Lore% 88 Gallery% 88 Achievement% 80 Wizard Run 0 Options --------- ASCII 0 Keyboard 0 Movement Mouse Keybinds 0 Fullscreen 2 Font 18/SmallcapsGlow Map View 76x50 Tactical HUD 1 Map Filters NONE Filters NONE Steam 1 RUN: b9c05a37-def8-459f-abb2-b57ff56a878b